TOP OF THE 1ST |
New Orleans Looters batting - Pitching for Vista Panthers : LHP Thomas Heath
|
Pitching: LHP Thomas Heath
|
|
Batting: LHB Luis Sánchez
|
0-0: Fly out, F4 (Popup, 34D)
|
Batting: RHB Rubén Vázquez
|
0-0: Ball 1-0: Called Strike 1-1: Ground out 5-3 (Groundball, 5S)
|
Batting: RHB Stephen Shaw
|
0-0: Ball 1-0: Ball 2-0: Swinging Strike 2-1: Ground out 4-3 (Groundball, 4)
|
Top of the 1st over - 0 run(s), 0 hit(s), 0 error(s), 0 left on base; New Orleans 0 - Vista 0 |
BOTTOM OF THE 1ST |
Vista Panthers batting - Pitching for New Orleans Looters : RHP Edward Baker
|
Pitching: RHP Edward Baker
|
|
Batting: LHB Bob Cunningham
|
0-0: Called Strike 0-1: Fly out, F8 (Flyball, 8LM)
|
Batting: LHB Patrick Osborne
|
0-0: Ball 1-0: Foul Ball, location: 2F 1-1: Ball 2-1: Ball 3-1: SINGLE (Flyball, 7S)
|
Batting: LHB Donovan Bird
|
0-0: Called Strike 0-1: Ball 1-1: Foul Ball, location: 2F 1-2: Ball 2-2: Ball 3-2: Foul Ball, location: 2F 3-2: SINGLE (Line Drive, 9S) Patrick Osborne to second Runner from 2nd tries for 3rd, OUT!
|
Batting: SHB Mark Wells
|
0-0: Ball 1-0: Foul Ball, location: 2F 1-1: Foul Ball, location: 2F 1-2: Foul Ball, location: 2F 1-2: Strikes out swinging
|
Bottom of the 1st over - 0 run(s), 2 hit(s), 0 error(s), 1 left on base; New Orleans 0 - Vista 0 |
TOP OF THE 2ND |
New Orleans Looters batting - Pitching for Vista Panthers : LHP Thomas Heath
|
Batting: SHB Oliver Deleón
|
0-0: Ball 1-0: Ball 2-0: Fly out, F8 (Flyball, 8RS)
|
Batting: RHB Dave O'Loan
|
0-0: Ball 1-0: Ball 2-0: Foul Ball, location: 2F 2-1: SOLO HOME RUN (Flyball, 7D), Distance : 426 ft
|
Batting: SHB Nate Rhodes
|
0-0: Fly out, F8 (Flyball, 89M)
|
Batting: LHB Taylor Smith
|
0-0: Ground out 4-3 (Groundball, 4)
|
Top of the 2nd over - 1 run(s), 1 hit(s), 0 error(s), 0 left on base; New Orleans 1 - Vista 0 |
BOTTOM OF THE 2ND |
Vista Panthers batting - Pitching for New Orleans Looters : RHP Edward Baker
|
Batting: RHB Roberto Cruz
|
0-0: Called Strike 0-1: Ball 1-1: Ball 2-1: Ball 3-1: Foul Ball, location: 2F 3-2: Base on Balls
|
Batting: RHB Cisco Gatán
|
0-0: Called Strike 0-1: SINGLE (Groundball, 4MD) Roberto Cruz to second
|
Batting: LHB Francisco Marino
|
0-0: Ball 1-0: Ball 2-0: Foul Ball, location: 2F 2-1: DOUBLE (Line Drive, 9D) Roberto Cruz scores Cisco Gatán to third
|
Batting: RHB Salvador Salas
|
0-0: Ball 1-0: Foul Ball, location: 2F 1-1: Ball 2-1: Ground out 5-3 (Groundball, 56) Cisco Gatán scores
|
Batting: RHB Justin Burgess
|
0-0: Called Strike 0-1: Ground out 6-3 (Groundball, 6)
|
Batting: LHB Bob Cunningham
|
0-0: Called Strike 0-1: Foul Ball, location: 2F 0-2: Ball 1-2: Foul Ball, location: 2F 1-2: Foul Ball, location: 2F 1-2: Strikes out looking
|
Bottom of the 2nd over - 2 run(s), 2 hit(s), 0 error(s), 1 left on base; New Orleans 1 - Vista 2 |
TOP OF THE 3RD |
New Orleans Looters batting - Pitching for Vista Panthers : LHP Thomas Heath
|
Batting: RHB Ángel Castaneda
|
0-0: Called Strike 0-1: Ball 1-1: Foul Ball, location: 2F 1-2: Ball 2-2: Foul Ball, location: 2F 2-2: Strikes out swinging
|
Batting: RHB Tim Gardner
|
0-0: Swinging Strike 0-1: Foul Ball, location: 2F 0-2: Foul Ball, location: 2F 0-2: Ball 1-2: Ball 2-2: Fly out, F8 (Flyball, 8LD)
|
Batting: LHB Luis Sánchez
|
0-0: Swinging Strike 0-1: DOUBLE (Line Drive, 9LM)
|
Batting: RHB Rubén Vázquez
|
0-0: Ball 1-0: Foul Ball, location: 2F 1-1: Ball 2-1: Foul Ball, location: 2F 2-2: Ground out 5-3 (Groundball, 56S)
|
Top of the 3rd over - 0 run(s), 1 hit(s), 0 error(s), 1 left on base; New Orleans 1 - Vista 2 |
BOTTOM OF THE 3RD |
Vista Panthers batting - Pitching for New Orleans Looters : RHP Edward Baker
|
Batting: LHB Patrick Osborne
|
0-0: Ball 1-0: Ground out 6-3 (Groundball, 6)
|
Batting: LHB Donovan Bird
|
0-0: Ball 1-0: Ball 2-0: Fly out, F9 (Flyball, 89D)
|
Batting: SHB Mark Wells
|
0-0: Called Strike 0-1: Foul Ball, location: 2F 0-2: Ball 1-2: Ground out 4-3 (Groundball, 34D)
|
Bottom of the 3rd over - 0 run(s), 0 hit(s), 0 error(s), 0 left on base; New Orleans 1 - Vista 2 |
TOP OF THE 4TH |
New Orleans Looters batting - Pitching for Vista Panthers : LHP Thomas Heath
|
Batting: RHB Stephen Shaw
|
0-0: Called Strike 0-1: Foul Ball, location: 2F 0-2: Fly out, F8 (Line Drive, 78M)
|
Batting: SHB Oliver Deleón
|
0-0: Ball 1-0: SINGLE (Line Drive, 9S)
|
Batting: RHB Dave O'Loan
|
0-0: Ball 1-0: Ball 2-0: Ball 3-0: Called Strike 3-1: Swinging Strike 3-2: Strikes out looking
|
Batting: SHB Nate Rhodes
|
0-0: Called Strike 0-1: SINGLE (Groundball, 6MD) Oliver Deleón to second
|
Batting: LHB Taylor Smith
|
0-0: Ball 1-0: Ball 2-0: Called Strike 2-1: Swinging Strike 2-2: Strikes out swinging
|
Top of the 4th over - 0 run(s), 2 hit(s), 0 error(s), 2 left on base; New Orleans 1 - Vista 2 |
BOTTOM OF THE 4TH |
Vista Panthers batting - Pitching for New Orleans Looters : RHP Edward Baker
|
Batting: RHB Roberto Cruz
|
0-0: Ball 1-0: Swinging Strike 1-1: Ball 2-1: Ground out 5-3 (Groundball, 56)
|
Batting: RHB Cisco Gatán
|
0-0: Foul Ball, location: 2F 0-1: Ball 1-1: Ball 2-1: Ball 3-1: Base on Balls
|
Batting: LHB Francisco Marino
|
0-0: Ball 1-0: SINGLE (Groundball, 4MD) Cisco Gatán to second
|
Batting: RHB Salvador Salas
|
0-0: Ball 1-0: Grounds into double play, 4-6-3 (Groundball, 4)
|
Bottom of the 4th over - 0 run(s), 1 hit(s), 0 error(s), 1 left on base; New Orleans 1 - Vista 2 |
TOP OF THE 5TH |
New Orleans Looters batting - Pitching for Vista Panthers : LHP Thomas Heath
|
Batting: RHB Ángel Castaneda
|
0-0: Called Strike 0-1: Fly out, F9 (Flyball, 9LS)
|
Batting: RHB Tim Gardner
|
0-0: Foul Ball, location: 2F 0-1: Foul Ball, location: 2F 0-2: Ball 1-2: SINGLE (Groundball, 4MD)
|
Batting: LHB Luis Sánchez
|
0-0: Ball 1-0: Foul Ball, location: 2F 1-1: Ball 2-1: Swinging Strike 2-2: Strikes out looking
|
Batting: RHB Rubén Vázquez
|
0-0: Called Strike 0-1: Ball 1-1: Foul Ball, location: 2F 1-2: Fly out, F8 (Line Drive, 8LM)
|
Top of the 5th over - 0 run(s), 1 hit(s), 0 error(s), 1 left on base; New Orleans 1 - Vista 2 |
BOTTOM OF THE 5TH |
Vista Panthers batting - Pitching for New Orleans Looters : RHP Edward Baker
|
Batting: RHB Justin Burgess
|
0-0: Ball 1-0: Swinging Strike 1-1: Foul Ball, location: 2F 1-2: Ball 2-2: Ball 3-2: Strikes out swinging
|
Batting: LHB Bob Cunningham
|
0-0: Ball 1-0: Swinging Strike 1-1: Foul Ball, location: 2F 1-2: Ground out 1-3 (Groundball, 13S)
|
Batting: LHB Patrick Osborne
|
0-0: Fly out, F7 (Flyball, 78D)
|
Bottom of the 5th over - 0 run(s), 0 hit(s), 0 error(s), 0 left on base; New Orleans 1 - Vista 2 |
TOP OF THE 6TH |
New Orleans Looters batting - Pitching for Vista Panthers : LHP Thomas Heath
|
Batting: RHB Stephen Shaw
|
0-0: Swinging Strike 0-1: Ball 1-1: Ball 2-1: Foul Ball, location: 2F 2-2: Fly out, F8 (Flyball, 8RM)
|
Batting: SHB Oliver Deleón
|
0-0: Ball 1-0: Swinging Strike 1-1: SINGLE (Line Drive, 4M)
|
Batting: RHB Dave O'Loan
|
0-0: Called Strike 0-1: Ball 1-1: Ball 2-1: Ball 3-1: Swinging Strike 3-2: SINGLE (Line Drive, 6D) Oliver Deleón to second
|
Pitching: RHP Mitsunari Taguchi
|
|
Batting: SHB Nate Rhodes
|
0-0: Ball 1-0: Foul Ball, location: 2F 1-1: Ball 2-1: Foul Ball, location: 2F 2-2: Foul Ball, location: 2F 2-2: Grounds into double play, 4-6-3 (Groundball, 34)
|
Top of the 6th over - 0 run(s), 2 hit(s), 0 error(s), 1 left on base; New Orleans 1 - Vista 2 |
BOTTOM OF THE 6TH |
Vista Panthers batting - Pitching for New Orleans Looters : RHP Edward Baker
|
Batting: LHB Donovan Bird
|
0-0: Called Strike 0-1: Foul Ball, location: 2F 0-2: Ball 1-2: Foul Ball, location: 2F 1-2: Strikes out swinging
|
Batting: SHB Mark Wells
|
0-0: Called Strike 0-1: Foul Ball, location: 2F 0-2: Ball 1-2: SINGLE (Line Drive, 6MD)
|
Batting: RHB Roberto Cruz
|
0-0: Ball 1-0: Swinging Strike 1-1: Grounds into double play, 6-4-3 (Groundball, 6)
|
Bottom of the 6th over - 0 run(s), 1 hit(s), 0 error(s), 0 left on base; New Orleans 1 - Vista 2 |
TOP OF THE 7TH |
New Orleans Looters batting - Pitching for Vista Panthers : RHP Mitsunari Taguchi
|
Batting: LHB Taylor Smith
|
0-0: Called Strike 0-1: Ball 1-1: Fly out, F9 (Line Drive, 9D)
|
Batting: RHB Ángel Castaneda
|
0-0: Called Strike 0-1: Foul Ball, location: 2F 0-2: Ball 1-2: Ground out 4-3 (Groundball, 4MD)
|
Batting: RHB Tim Gardner
|
0-0: Called Strike 0-1: Ground out 6-3 (Groundball, 6)
|
Top of the 7th over - 0 run(s), 0 hit(s), 0 error(s), 0 left on base; New Orleans 1 - Vista 2 |
BOTTOM OF THE 7TH |
Vista Panthers batting - Pitching for New Orleans Looters : RHP Edward Baker
|
Batting: RHB Cisco Gatán
|
0-0: Called Strike 0-1: Foul Ball, location: 2F 0-2: Strikes out swinging
|
Batting: LHB Francisco Marino
|
0-0: Ball 1-0: Swinging Strike 1-1: Foul Ball, location: 2F 1-2: Foul Ball, location: 2F 1-2: Strikes out swinging
|
Batting: RHB Salvador Salas
|
0-0: Ball 1-0: SINGLE (Line Drive, 7S)
|
Pinch Hitting: LHB Brent Alonzo
|
0-0: Called Strike 0-1: Fielders Choice at 2nd, 6-4 (Groundball, 6)
|
Bottom of the 7th over - 0 run(s), 1 hit(s), 0 error(s), 0 left on base; New Orleans 1 - Vista 2 |
TOP OF THE 8TH |
New Orleans Looters batting - Pitching for Vista Panthers : RHP Mitsunari Taguchi
|
Pitching: RHP António López
|
|
Now at 2B: Brent Alonzo
|
|
Batting: LHB Luis Sánchez
|
0-0: Called Strike 0-1: Foul Ball, location: 2F 0-2: Foul Ball, location: 2F 0-2: Foul Ball, location: 2F 0-2: Strikes out swinging
|
Batting: RHB Rubén Vázquez
|
0-0: Foul Ball, location: 2F 0-1: Foul Ball, location: 2F 0-2: Foul Ball, location: 2F 0-2: Ball 1-2: Foul Ball, location: 2F 1-2: Foul Ball, location: 2F 1-2: Ball 2-2: Ball 3-2: Ground out 5-3 (Groundball, 56)
|
Batting: RHB Stephen Shaw
|
0-0: Ball 1-0: Ball 2-0: Called Strike 2-1: Ball 3-1: Fly out, F1 (Line Drive, 15)
|
Top of the 8th over - 0 run(s), 0 hit(s), 0 error(s), 0 left on base; New Orleans 1 - Vista 2 |
BOTTOM OF THE 8TH |
Vista Panthers batting - Pitching for New Orleans Looters : RHP Edward Baker
|
Batting: LHB Bob Cunningham
|
0-0: Ball 1-0: Ground out 5-3 (Groundball, 56S)
|
Batting: LHB Patrick Osborne
|
0-0: DOUBLE (Line Drive, 7LD)
|
Batting: LHB Donovan Bird
|
0-0: Ball 1-0: Ball 2-0: Swinging Strike 2-1: Fly out, F1 (Line Drive, 13)
|
Batting: SHB Mark Wells
|
0-0: Foul Ball, location: 2F 0-1: Foul Ball, location: 2F 0-2: Strikes out swinging
|
Bottom of the 8th over - 0 run(s), 1 hit(s), 0 error(s), 1 left on base; New Orleans 1 - Vista 2 |
TOP OF THE 9TH |
New Orleans Looters batting - Pitching for Vista Panthers : RHP António López
|
Pitching: RHP David Simpson
|
|
Pinch Hitting: LHB Seung-chun Mun
|
0-0: Called Strike 0-1: Ball 1-1: Ball 2-1: Ball 3-1: Base on Balls
|
Pinch Runner at 1st Francisco Vega:
|
|
Batting: RHB Dave O'Loan
|
0-0: Ball 1-0: Ball 2-0: Fielders Choice at 2nd, 1-6 (Groundball, 13S)
|
Batting: SHB Nate Rhodes
|
0-0: Foul Ball, location: 2F 0-1: Ball 1-1: Swinging Strike 1-2: Foul Ball, location: 2F 1-2: Fly out, F7 (Flyball, 7S)
|
Batting: LHB Taylor Smith
|
0-0: Fly out, F2 (Popup, 2L)
|
Top of the 9th over - 0 run(s), 0 hit(s), 0 error(s), 1 left on base; New Orleans 1 - Vista 2 |
|